 Dungeon Crawl Stone Soup version 0.32-a0-918-g0f22ef8d61 (webtiles) character file.

Game seed: 1495080104962556646

616 zazu2006 the Spear-Bearer (level 7, -1/51 HPs)
             Began as a Gnoll Wanderer on Apr 10, 2024.
             Slain by an orc
             ... wielding a +0 mace
              (3 damage)
             ... on level 4 of the Dungeon.
             The game lasted 00:07:59 (1147 turns).

zazu2006 the Spear-Bearer (Gnoll Wanderer)          Turns: 1147, Time: 00:08:00

Health: -1/51      AC:  8    Str: 10 (11) XL:     7   Next: 45%
Magic:  10/10      EV: 15    Int: 11 (12) God:
Gold:   107        SH:  4    Dex: 12 (13) Spells: 11/11 levels left

rFire   . . .        a - +0 trident
rCold   . . .        c - +0 buckler
rNeg    + . .        s - +1 leather armour {rN+}
rPois   .            t - +2 helmet
rElec   .            (no cloak)
rCorr   .            o - +0 pair of gloves
SInv    .            (no boots)
Will    .....        (no amulet)
Stlth   ++           p - +5 ring of evasion
HPRegen 0.28/turn    (no ring)
MPRegen 0.12/turn

%: no passive effects
@: mighty
A: fangs 1, strong nose, distributed training
a: no special abilities


You were on level 4 of the Dungeon.
You visited 1 branch of the dungeon, and saw 4 of its levels.

You collected 107 gold pieces.

Inventory:

Hand Weapons
 a - a +0 trident (weapon)
Missiles
 u - 5 poisoned darts (quivered)
Armour
 c - a +0 buckler (worn)
 o - a +0 pair of gloves (worn)
 s - a +1 leather armour of positive energy (worn)
 t - a +2 helmet (worn)
Jewellery
 p - a +5 ring of evasion (left hand)
Wands
 v - a wand of digging (1)
Scrolls
 d - 2 scrolls of fog
 e - a scroll of vulnerability {unknown}
 g - 2 scrolls of identify {unknown}
 j - a scroll of noise {unknown}
 k - 2 scrolls of fear
 m - a scroll of amnesia {unknown}
 n - a scroll of blinking {unknown}
 w - a scroll of poison {unknown}
Potions
 b - a potion of curing {unknown}
 f - a potion of enlightenment {unknown}
 h - a potion of degeneration
 i - a potion of lignification {unknown}
 l - a potion of mutation {unknown}
 q - 2 potions of might
 r - a potion of haste {unknown}


   Skills:
 + Level 2.6 Fighting
 + Level 2.6 Short Blades
 + Level 2.6 Long Blades
 + Level 2.6 Axes
 + Level 5.3 Maces & Flails
 + Level 10.7 Polearms
 + Level 2.6 Staves
 + Level 2.6 Ranged Weapons
 + Level 2.6 Throwing
 + Level 2.6 Armour
 + Level 2.6 Dodging
 + Level 2.6 Stealth
 + Level 3.7 Shields
 + Level 2.6 Unarmed Combat
 + Level 2.6 Spellcasting
 + Level 2.1 Conjurations
 + Level 2.1 Hexes
 + Level 2.1 Summonings
 + Level 2.1 Necromancy
 + Level 2.1 Translocations
 + Level 2.1 Fire Magic
 + Level 2.1 Ice Magic
 + Level 2.1 Air Magic
 + Level 2.1 Earth Magic
 + Level 2.1 Alchemy
 + Level 2.9 Invocations
 + Level 5.3 Evocations
 + Level 2.3 Shapeshifting


You had 11 spell levels left.
You didn't know any spells.
Your spell library contained the following spells:

 Spells                   Type           Power      Damage    Failure   Level
 Call Imp                 Summ           12%        N/A       32%         2
 Sublimation of Blood     Necr           6%         N/A       32%         2
 Summon Hydra             Summ           3%         N/A       100%        7


Dungeon Overview and Level Annotations

Branches:
Dungeon (4/15)
 Temple: D:4-7

Altars:
Elyvilon
Gozag
Kikubaaqudgha
Nemelex Xobeh
Sif Muna
Zin


Innate Abilities, Weirdness & Mutations

You have very sharp teeth.
Your uncanny sense of smell can sniff out nearby items.
Your experience applies equally to all skills.


Message History

* * * LOW HITPOINT WARNING * * *
The orc priest shouts, "Beogh offers mercy even to people such as you.
Join us and be reborn!"
You block the orc priest's attack.
The orc priest threatens, "Beogh's wrath is as vast as their mercy.
Make your choice!"
The orc priest threatens, "Beogh's wrath is as vast as their mercy.
Make your choice!"
You puncture the orc priest!
You kill the orc priest!
The orc priest hits you but does no damage.
Unknown command.
You barely miss the orc priest.
You hit the orc priest but do no damage.
The orc priest hits you with a +0 dagger.
* * * LOW HITPOINT WARNING * * *
Unknown command.
The orc priest shouts, "The Pantheon deserves no one's loyalty.
Let us show you the true path!"
You impale the orc priest!!
You kill the orc priest!
You puncture the orc priest!
The orc priest threatens, "Beogh's wrath is as vast as their mercy.
Make your choice!"
The orc priest is almost dead.
You block the orc's attack.
You barely miss the orc priest.
The orc priest is almost dead.
The orc priest mumbles some strange prayers to Beogh against you.
Pain shoots through your body!
* * * LOW HITPOINT WARNING * * *
Unknown command.
You barely miss the orc priest.
The orc priest is almost dead.
The orc hits you with a +0 mace!
* * * LOW HITPOINT WARNING * * *
The orc priest invokes the aid of Beogh against you.
Pain shoots through your body!
* * * LOW HITPOINT WARNING * * *
Okay, then.
You puncture the orc priest!
You kill the orc priest!
You block the orc's attack.
You barely miss the orc. The orc hits you with a +0 mace.
You die...

####..##$#...#
#.'.._#$$#._..
#####
#.##..##$#...#
##...##
#.(###########
#.....##
##....######.#
##......#
##%..........
#...o)..#
#...####.#.#
#.#...#)######.##
#.###.
##.##@o......#
#.# ##
#o##)######## #.
. #.##.# # #
#o##.# .o...#
#.#### ... #.# ∆
#.#


You could see an orc.

Vanquished Creatures
  Sigmund (D:3)
  A phantom (D:3)
  A bombardier beetle (D:3)
  A hound (D:4)
  4 orc priests (D:4)
  2 orc wizards (D:4)
  Robin (D:3)
  4 gnolls (D:3)
  3 adders
  2 dart slugs
  A ribbon worm (D:3)
  4 orcs
  3 ball pythons
  2 bats
  4 endoplasms
  4 giant cockroaches
  13 goblins
  5 hobgoblins
  4 jackals (D:3)
  A quokka (D:3)
  2 frilled lizards (D:2)
  3 kobolds (D:1)
  2 rats
68 creatures vanquished.

Notes
Turn   | Place    | Note
-------+----------+-------------------------------------------
     0 | D:1      | Reached skill level 10 in Polearms
     0 | D:1      | zazu2006 the Gnoll Wanderer began the quest for the Orb.
     0 | D:1      | zazu2006 set off with the following items: a +0 trident, a
                  | +0 mace, a +0 buckler, a scroll of fog, a +0 leather
                  | armour.
     0 | D:1      | Reached XP level 1. HP: 13/13 MP: 1/1
    46 | D:1      | Reached XP level 2. HP: 9/20 MP: 2/2
   317 | D:2      | Reached XP level 3. HP: 22/25 MP: 2/4
   393 | D:3      | Reached skill level 1 in Invocations
   403 | D:3      | Found a sparkling altar of Nemelex Xobeh.
   404 | D:3      | Found an ancient bone altar of Kikubaaqudgha.
   404 | D:3      | Found a shimmering blue altar of Sif Muna.
   405 | D:3      | Found a white marble altar of Elyvilon.
   442 | D:3      | Noticed a phantom
   460 | D:3      | Killed a phantom
   461 | D:3      | Reached skill level 1 in Fighting
   461 | D:3      | Reached skill level 1 in Short Blades
   461 | D:3      | Reached skill level 1 in Long Blades
   461 | D:3      | Reached skill level 1 in Axes
   461 | D:3      | Reached skill level 1 in Staves
   461 | D:3      | Reached skill level 1 in Ranged Weapons
   461 | D:3      | Reached skill level 1 in Throwing
   461 | D:3      | Reached skill level 1 in Armour
   461 | D:3      | Reached skill level 1 in Dodging
   461 | D:3      | Reached skill level 1 in Stealth
   461 | D:3      | Reached skill level 1 in Unarmed Combat
   461 | D:3      | Reached skill level 1 in Spellcasting
   461 | D:3      | Reached skill level 1 in Conjurations
   461 | D:3      | Reached skill level 1 in Hexes
   461 | D:3      | Reached skill level 1 in Summonings
   461 | D:3      | Reached skill level 1 in Necromancy
   461 | D:3      | Reached skill level 1 in Translocations
   461 | D:3      | Reached skill level 1 in Fire Magic
   461 | D:3      | Reached skill level 1 in Ice Magic
   461 | D:3      | Reached skill level 1 in Air Magic
   461 | D:3      | Reached skill level 1 in Earth Magic
   461 | D:3      | Reached skill level 1 in Alchemy
   461 | D:3      | Reached skill level 1 in Shapeshifting
   461 | D:3      | Reached XP level 4. HP: 8/32 MP: 4/6
   507 | D:3      | Reached XP level 5. HP: 19/37 MP: 7/7
   515 | D:3      | Noticed Robin
   605 | D:3      | Killed Robin
   701 | D:3      | Found a faded altar of an unknown god.
   764 | D:3      | Noticed Sigmund
   775 | D:3      | Reached XP level 6. HP: 38/44 MP: 8/8
   803 | D:4      | Reached skill level 5 in Maces & Flails
   803 | D:4      | Reached skill level 5 in Evocations
   867 | D:3      | Killed Sigmund
   901 | D:4      | Reached XP level 7. HP: 47/51 MP: 10/10
  1066 | D:4      | Found an opulent altar of Gozag.
  1091 | D:4      | Found a glowing silver altar of Zin.
  1145 | D:4      | HP: 2/51 [orc priest/nerve-wracking pain (2)]
  1147 | D:4      | Slain by an orc

Illustrated notes

Levels and vault maps discovered:
D:1:      roadster_arrival_rocket_large, layout_rooms, minmay_pentomino_q2
D:2:      layout_basic, nicolae_concentric_dashed_squares_mild,
          chequers_decorated_corner, hangedman_abyss_or_decor_stabs
D:3:      layout_rooms, chequers_temple_overflow_statue_of_worship,
          hellmonk_ecumenical_altar_inner_sanctum, minmay_goblin_outpost,
          uniq_robin, uniq_sigmund
D:4:      layout_loops_cross, pdpol_temple_overflow_zin_treasury_gozag_greed,
          serial_bayou, serial_bayou_crossing, serial_bayou_lake_a,
          serial_bayou_lagoon_b, serial_bayou_shore_b

Skill      XL: |  1  2  3  4  5  6  7 |
---------------+----------------------+-----
Polearms       | | 10.7
Invocations    | 1 2 |  2.9
Fighting       | 1 2 |  2.6
Short Blades   | 1 2 |  2.6
Long Blades    | 1 2 |  2.6
Axes           | 1 2 |  2.6
Staves         | 1 2 |  2.6
Ranged Weapons | 1 2 |  2.6
Throwing       | 1 2 |  2.6
Armour         | 1 2 |  2.6
Dodging        | 1 2 |  2.6
Stealth        | 1 2 |  2.6
Unarmed Combat | 1 2 |  2.6
Spellcasting   | 1 2 |  2.6
Conjurations   | 1 2 |  2.1
Hexes          | 1 2 |  2.1
Summonings     | 1 2 |  2.1
Necromancy     | 1 2 |  2.1
Translocations | 1 2 |  2.1
Fire Magic     | 1 2 |  2.1
Ice Magic      | 1 2 |  2.1
Air Magic      | 1 2 |  2.1
Earth Magic    | 1 2 |  2.1
Alchemy        | 1 2 |  2.1
Shapeshifting  | 1 2 |  2.3
Shields        | 3 |  3.7
Maces & Flails | 5 |  5.3
Evocations     | 5 |  5.3

Action                     |  1- 3 |  4- 6 |  7- 9 || total
---------------------------+-------+-------+-------++-------
  Melee: Trident           |   102 |   117 |    65 ||   284
         Bite              |    10 |    10 |     3 ||    23
  Throw: Dart              |       |     3 |       ||     3
         Throwing net      |       |     1 |       ||     1
    Use: Potion            |       |       |     2 ||     2
         Scroll            |       |       |     1 ||     1
   Stab: Sleeping          |     2 |       |       ||     2
         Held in net/web   |       |     1 |       ||     1
 Armour: Leather armour    |    41 |    51 |    10 ||   102
  Dodge: Dodged            |    30 |    73 |    18 ||   121
  Block: Buckler           |    17 |    22 |    10 ||    49

Table legend: (Time is in decaauts)
 A = Elapsed time spent in this place.
 B = Non-inter-level travel time spent in this place.
 C = Inter-level travel time spent in this place.
 D = Time resting spent in this place.
 E = Time spent auto-exploring this place.
 F = Levels seen in this place.
 G = Mean time per level.
                   A        B        C        D        E       F      G
               +--------+--------+--------+--------+--------+-----+--------+
         Total |   1110 |   1049 |     61 |      0 |    119 |   4 |  277.5 |
       Dungeon |   1110 |   1049 |     61 |      0 |    119 |   4 |  277.5 |
               +--------+--------+--------+--------+--------+-----+--------+

Top non-repeatable levels by time:
     D:3: 380 daAuts
     D:4: 331 daAuts
     D:2: 209 daAuts
     D:1: 189 daAuts
